 Dungeon Crawl Stone Soup version 0.22-a0-396-g3f858e3 (webtiles) character file.

71 Borgoz the Cudgeler (level 4, -3/28 HPs)
             Began as a Gargoyle Gladiator on May 3, 2018.
             Slain by an orc
             ... wielding a +0 war axe
              (8 damage)
             ... on level 2 of the Dungeon.
             The game lasted 00:02:20 (1461 turns).

Borgoz the Cudgeler (Gargoyle Gladiator)            Turns: 1461, Time: 00:02:21

Health: -3/28      AC:  7    Str: 18    XL:     4   Next: 24%
Magic:  4/4        EV: 12    Int:  8    God:
Gold:   0          SH:  0    Dex: 12    Spells: 3/3 levels left

rFire    . . .     SeeInvis .   a - +0 flail
rCold    . . .     Gourm    .   (no shield)
rNeg     + . .     Faith    .   b - +0 leather armour
rPois    ∞         Spirit   .   c - +0 helmet
rElec    +         Reflect  .   (no cloak)
rCorr    .         Harm     .   (no gloves)
MR       .....                  (no boots)
Stlth    +.........             (no amulet)
HPRegen  0.09/turn              (no ring)
MPRegen  0.09/turn              (no ring)

@: no status effects
A: negative energy resistance 1, electricity resistance, unbreathing,
petrification resistance, rot immunity, AC +3
a: no special abilities


You were on level 2 of the Dungeon.
You were hungry.

You visited 1 branch of the dungeon, and saw 2 of its levels.

Inventory:

Hand Weapons
 a - a +0 flail (weapon)
Missiles
 d - 3 throwing nets (quivered)
Armour
 b - a +0 leather armour (worn)
 c - a +0 helmet (worn)
Scrolls
 g - 2 scrolls of magic mapping {unknown}
 k - a scroll of enchant weapon {unknown}
Potions
 e - 3 potions of agility {unknown}
 h - a potion of lignification {unknown}
 i - a potion of might {unknown}
 j - a potion of heal wounds {unknown}
Comestibles
 f - 3 rations


   Skills:
 + Level 3.0 Fighting
 + Level 3.5 Maces & Flails
 - Level 1.7 Throwing
 + Level 1.9 Armour
 + Level 2.9 Dodging


You had 3 spell levels left.
You didn't know any spells.

Dungeon Overview and Level Annotations

Branches:
Dungeon (2/15)

Altars:


Innate Abilities, Weirdness & Mutations

You are resistant to torment.
Your stone body is resilient. (AC +3)
You are immune to poison.
You resist negative energy. (rN+)
You are resistant to electric shocks. (rElec)
You can survive without breathing.
You are immune to petrification.
You are immune to rotting.


Message History

An orc comes into view. It is wielding a flail.
You closely miss the orc. The orc barely misses you.
The orc priest looks encouraged for a moment.
The orc shouts!
You hit the orc.
The orc is heavily wounded.
You see here a white potion.
The orc priest invokes the aid of Beogh against you.
Beogh smites you!
Ouch! That really hurt!
Okay, then.
You barely miss the orc.
The orc priest looks encouraged for a moment.
The orc barely misses you.
You closely miss the orc.
The orc priest calls down the wrath of Beogh upon you.
Beogh smites you!
* * * LOW HITPOINT WARNING * * *
The orc hits you with a war axe!
You die...

##....###
#..!.#
#.#.##
#.#.o#
#.#o.# #
#.o#
#.##o#
#.##o###.#
#....@...#
###..#####
#..##
#...##
#.#..#
#....#
#.##.#
#.##.#
##.##.#


You could see an orc priest and 4 orcs.

Vanquished Creatures
  A gnoll (D:1)
  An adder (D:2)
  A worm (D:2)
  2 dart slugs (D:1)
  A leopard gecko (D:1)
  7 bats
  3 giant cockroaches
  5 goblins
  5 hobgoblins
  4 jackals (D:1)
  2 kobolds
  A quokka (D:2)
  A ball python (D:1)
  A frilled lizard (D:1)
  A jackal skeleton (D:2)
  6 rats
42 creatures vanquished.

Notes
Turn   | Place    | Note
-------+----------+-------------------------------------------
     0 | D:1      | Borgoz the Gargoyle Gladiator began the quest for the Orb.
     0 | D:1      | Reached XP level 1. HP: 12/12 MP: 1/1
   109 | D:1      | Reached skill level 1 in Armour
   109 | D:1      | Reached XP level 2. HP: 10/18 MP: 2/2
   563 | D:1      | Reached XP level 3. HP: 22/22 MP: 3/3
  1058 | D:2      | Reached XP level 4. HP: 7/28 MP: 4/4
  1461 | D:2      | Slain by an orc

Vault maps used:
D:1:      mushboom_english_gardens, dk_noncrumbling_4
D:2:      makhleb_heckhound_becter, first_ration, serial_park_tiny_2

Skill      XL: |  1  2  3 |
---------------+----------+-----
Armour         | 1 |  1.9
Fighting       | 3 |  3.0
Maces & Flails | |  3.5
Throwing       | |  1.7
Dodging        | |  2.9

Action                   |  1- 3 |  4- 6 || total
-------------------------+-------+-------++-------
Melee: Flail             |   122 |    21 ||   143
  Eat: Chunk             |     1 |       ||     1
Armor: Leather armour    |    65 |     7 ||    72
Dodge: Dodged            |    97 |    11 ||   108

Table legend:
 A = Spawn XP
 B = Non-spawn XP
 C = Spawn XP percentage of total XP
 D = Spawn monster count
 E = Non-spawn monster count
 F = Spawn count percentage of total count
 G = Total turns spent on level
                    A         B        C        D         E        F      G
               +---------+---------+-------+---------+---------+-------+---------
         Total |       0 |     102 |   0.0 |       0 |      42 |   0.0 |  1461
               +---------+---------+-------+---------+---------+-------+---------
           D:1 |       0 |      59 |   0.0 |       0 |      24 |   0.0 |   964
           D:2 |       0 |      43 |   0.0 |       0 |      18 |   0.0 |   497
               +---------+---------+-------+---------+---------+-------+---------
